 Dungeon Crawl Stone Soup version 0.21-a0-471-gd587bd5 (webtiles) character file.

340 Laiders the Digger (level 6, -18/32 HPs)
             Began as a Gargoyle Earth Elementalist on Nov 21, 2017.
             Demolished by an ogre
             ... wielding a +0 giant club
              (27 damage)
             ... on level 4 of the Dungeon.
             The game lasted 00:11:50 (3660 turns).

Laiders the Digger (Gargoyle Earth Elementalist)    Turns: 3660, Time: 00:11:51

Health: -18/32     AC:  7    Str: 12    XL:     6   Next: 56%
Magic:  5/11       EV: 12    Int: 17    God:
Gold:   81         SH:  0    Dex: 10    Spells: 8/12 levels left

rFire    . . .     SeeInvis .   h - +0 whip
rCold    . . .     Gourm    .   (no shield)
rNeg     + . .     Faith    .   c - +0 robe
rPois    ∞         Spirit   .   (no helmet)
rElec    +         Reflect  .   (no cloak)
rCorr    .         Harm     .   g - +0 pair of gloves
MR       .....                  (no boots)
Stlth    ++........             (no amulet)
HPRegen  0.10/turn              (no ring)
MPRegen  0.12/turn              (no ring)

@: no status effects
A: negative energy resistance 1, electricity resistance, unbreathing,
petrification resistance, rot immunity, AC +4
a: no special abilities


You were on level 4 of the Dungeon.
You were hungry.

You visited 1 branch of the dungeon, and saw 4 of its levels.

You collected 81 gold pieces.

Inventory:

Hand Weapons
 h - a +0 whip (weapon)
Armour
 c - a +0 robe (worn)
 g - a +0 pair of gloves (worn)
Scrolls
 j - a scroll of identify {unknown}
 k - a scroll of amnesia {unknown}
 l - a scroll of enchant weapon {unknown}
 o - a scroll of fear {unknown}
Potions
 n - a potion of flight {unknown}
Books
 e - a book of Geomancy

   Spells                             Type                      Level
   a - Sandblast                      Earth                        1
   b - Passwall                       Transmutation/Earth          2
   c - Stone Arrow                    Conjuration/Earth            3
   d - Petrify                        Transmutation/Earth          4
   e - Lee's Rapid Deconstruction     Earth                        5
 s - a book of Misfortune

   Spells                             Type                      Level
   a - Confusing Touch                Hexes                        1
   b - Confuse                        Hexes                        3
   c - Gell's Gravitas                Translocation                3
   d - Petrify                        Transmutation/Earth          4
   e - Metabolic Englaciation         Hexes/Ice                    5
   f - Yara's Violent Unravelling     Hexes/Transmutation          5
Comestibles
 d - 3 bread rations
 q - a royal jelly


   Skills:
 - Level 1.5 Dodging
 - Level 2.1 Stealth
 + Level 3.7 Spellcasting
 + Level 3.7 Conjurations
   Level 0.7 Transmutations
 - Level 6.0 Earth Magic


You had 8 spell levels left.
You knew the following spells:

 Your Spells              Type           Power        Failure   Level  Hunger
a - Sandblast             Erth           ###...       1%          1    None
b - Stone Arrow           Conj/Erth      ###...       7%          3    ###....


Dungeon Overview and Level Annotations

Branches:
Dungeon (4/15)
 Temple: D:4-7

Altars:
Dithmenos
Zin

Shops:
D:3 *

Annotations:
D:4 Sigmund


Innate Abilities, Weirdness & Mutations

You are resistant to torment.
Your stone body is resilient. (AC +4)
You are immune to poison.
You resist negative energy. (rN+)
You are resistant to electric shocks. (rElec)
You can survive without breathing.
You are immune to petrification.
You are immune to rotting.


Message History

* * * LOW HITPOINT WARNING * * *
There is a stone staircase leading up here.
Casting: Stone Arrow
Confirm with . or Enter, or press ? or * to list all spells.
Aiming: Stone Arrow
Press: ? - help, Shift-Dir - straight line, f - ogre
Aim: an ogre, wielding a giant club The stone arrow hits the ogre.
The ogre is moderately wounded.
The ogre misses you.
Casting: Stone Arrow
Confirm with . or Enter, or press ? or * to list all spells.
Aiming: Stone Arrow
Press: ? - help, Shift-Dir - straight line, f/p - ogre
Aim: an ogre, wielding a giant club (moderately wounded)
The stone arrow hits the ogre.
The ogre is severely wounded.
The ogre hits you with a giant club!!
Ouch! That really hurt!
You die...

#.......#..##############
#####.....S# ##..#..##
#..##..# ##..#...#
##.......## #.........#
#.........# #.......@..#
#........O..#
#.......#.....P
........#....≈≈≈≈
..####..#....≈≈≈≈
#..#[...≈≈## .. #....≈≈#
.. #....≈≈#


You could see an ogre and an adder (wandering).

Vanquished Creatures
  A phantom (D:4)
  A hound (D:3)
  2 orc wizards (D:3)
  A worker ant (D:4)
  4 gnolls (D:3)
  2 adders
  An ooze (D:3)
  2 worms
  6 leopard geckos
  6 orcs (D:3)
  7 giant cockroaches
  8 goblins
  6 hobgoblins
  9 jackals
  2 quokkas (D:2)
  11 bats
  4 frilled lizards
  10 kobolds
  5 rats
88 creatures vanquished.

Notes
Turn   | Place    | Note
-------+----------+-------------------------------------------
     0 | D:1      | Laiders the Gargoyle Earth Elementalist began the quest for the Orb.
     0 | D:1      | Reached XP level 1. HP: 10/10 MP: 3/3
   363 | D:1      | Reached skill level 4 in Earth Magic
   392 | D:1      | Reached XP level 2. HP: 15/15 MP: 3/5
   619 | D:1      | Reached XP level 3. HP: 17/19 MP: 1/6
   625 | D:1      | Reached skill level 5 in Earth Magic
   641 | D:1      | Learned a level 3 spell: Stone Arrow
  1492 | D:2      | Reached XP level 4. HP: 23/24 MP: 3/7
  1706 | D:2      | Reached skill level 6 in Earth Magic
  2201 | D:3      | Reached skill level 1 in Conjurations
  2241 | D:3      | Found Zin's Purification Station.
  2442 | D:3      | Reached XP level 5. HP: 20/28 MP: 0/8
  2472 | D:3      | Found a glowing silver altar of Zin.
  3200 | D:4      | Noticed a phantom
  3214 | D:4      | Killed a phantom
  3214 | D:4      | Reached XP level 6. HP: 32/32 MP: 0/11
  3227 | D:4      | Noticed Sigmund
  3281 | D:4      | Found a shadowy altar of Dithmenos.
  3660 | D:4      | Demolished by an ogre

Vault maps used:
D:1:      shiori_arrival_maze
D:2:      first_bread
D:3:      zin_purify
D:4:      lemuel_castle_with_subvaults, nicolae_dithmenos_shadow_blocks,
          serial_shops, kennysheep_mini, uniq_sigmund

Skill      XL: |  1  2  3  4  5 |
---------------+----------------+-----
Earth Magic    | 4 5 6 |  6.0
Conjurations   | 1 3 |  3.7
Spellcasting   | 3 |  3.7
Dodging        | |  1.5
Stealth        | |  2.1
Transmutations | |  0.7

Action                   |  1- 3 |  4- 6 || total
-------------------------+-------+-------++-------
Melee: Whip              |   158 |   189 ||   347
       Dagger            |     3 |       ||     3
 Cast: Sandblast         |    23 |    33 ||    56
       Stone Arrow       |       |     9 ||     9
  Use: Scroll            |       |     5 ||     5
       Potion            |       |     4 ||     4
 Stab: Sleeping          |     3 |       ||     3
  Eat: Chunk             |     2 |     8 ||    10
Armor: Robe              |    87 |   116 ||   203
Dodge: Dodged            |   159 |   160 ||   319

Table legend:
 A = Spawn XP
 B = Non-spawn XP
 C = Spawn XP percentage of total XP
 D = Spawn monster count
 E = Non-spawn monster count
 F = Spawn count percentage of total count
 G = Total turns spent on level
                    A         B        C        D         E        F      G
               +---------+---------+-------+---------+---------+-------+---------
         Total |       0 |     486 |   0.0 |       0 |      88 |   0.0 |  3660
               +---------+---------+-------+---------+---------+-------+---------
           D:1 |       0 |      50 |   0.0 |       0 |      29 |   0.0 |  1082
           D:2 |       0 |      53 |   0.0 |       0 |      21 |   0.0 |   983
           D:3 |       0 |     230 |   0.0 |       0 |      36 |   0.0 |  1483
           D:4 |       0 |     153 |   0.0 |       0 |       2 |   0.0 |   112
               +---------+---------+-------+---------+---------+-------+---------
